 Dungeon Crawl Stone Soup version 0.21-a0-207-g4a9efaf (webtiles) character file.

32 KristoblXynda the Charlatan (level 3, 0/28 HPs)
             Began as a Draconian Artificer on Aug 20, 2017.
             Succumbed to an adder's poison
             ... on level 2 of the Dungeon.
             The game lasted 00:03:00 (1204 turns).

KristoblXynda the Charlatan (Draconian Artificer)   Turns: 1204, Time: 00:03:00

Health: 0/28       AC:  5    Str: 13 (14) XL:     3   Next: 10%
Magic:  5/5        EV: 17    Int: 14 (17) God:
Gold:   37         SH:  0    Dex: 15 (16) Spells: 2/2 levels left

rFire    + . .     SeeInvis .   p - +2 quarterstaff (protect)
rCold    . . .     Gourm    .   (shield currently unavailable)
rNeg     . . .     Faith    +   (armour unavailable)
rPois    .         Spirit   .   (helmet restricted)
rElec    .         Reflect  .   (no cloak)
rCorr    .         Harm     .   (no gloves)
MR       .....                  (no boots)
Stlth    +++.......             k - amulet of faith
HPRegen  0.09/turn              g - +5 ring of intelligence
MPRegen  0.09/turn              m - ring of protection from fire

@: agile, lethally poisoned (0 -> -13)
A: unfitting armour, cold-blooded, AC +5
a: no special abilities


You were on level 2 of the Dungeon.
You were not hungry.

You visited 1 branch of the dungeon, and saw 2 of its levels.

You collected 37 gold pieces.

Inventory:

Hand Weapons
 p - a +2 quarterstaff of protection (weapon)
Missiles
 n - 6 javelins (quivered)
Jewellery
 g - a +5 ring of intelligence (left hand)
 k - an amulet of faith (around neck)
 m - a ring of protection from fire (right hand)
Wands
 b - a wand of flame (12/48)
 c - a wand of enslavement (14/24)
 d - a wand of random effects (15/48)
Scrolls
 e - 3 scrolls of amnesia {unknown}
 h - a scroll of enchant armour {unknown}
 o - a scroll of magic mapping {unknown}
Comestibles
 f - 2 bread rations
 j - a meat ration
 l - 4 fruits


   Skills:
 - Level 1.1 Fighting
   Level 1.7 Short Blades
 + Level 0.2 Staves
 - Level 1.7 Dodging
 + Level 1.7 Stealth
 + Level 3.5 Evocations


You had 2 spell levels left.
You didn't know any spells.

Dungeon Overview and Level Annotations

Branches:
Dungeon (2/15)

Altars:
Yredelemnul


Innate Abilities, Weirdness & Mutations

Your plain brown scales are hard. (AC +5)
You cannot fit into any form of body armour.
You are cold-blooded and may be slowed by cold attacks.


Message History

* * * LOW HITPOINT WARNING * * *
You are lethally poisoned!
The adder poisons you! The adder bites you but does no damage.
You closely miss the adder. You tail-slap the adder.
The adder is heavily wounded.
* * * LOW HITPOINT WARNING * * *
You feel sick. The adder misses you.
It was a potion of agility.
You feel agile all of a sudden.
* * * LOW HITPOINT WARNING * * *
You feel sick. The adder bites you.
* * * LOW HITPOINT WARNING * * *
The adder bites you.
* * * LOW HITPOINT WARNING * * *
You are more poisoned.
The adder poisons you!
It was a potion of degeneration.
There was something very wrong with that liquid.
You feel weakened.
You feel dopey.
You feel clumsy.
You die...

..... #..... ...... .....
#..[..####...### ........#...
.#### #. ##.#....#..# ....##. ..
........#..##.....#.# ####### ##.
#....#..##.....#.# #.....# ... #
#......hS@.....#.###.P.P.# ...
#.#......h##.....#.##..._... ...
#>........##.....#.##..P.P..
#.######......# .....#.##.......
#.............# .###............
#######........##.# #...........#
.....##....##..##.# #...........#
####...........##.###.########.##
#..#........##.#...## #.#


You could see an adder and 2 jackals.

Vanquished Creatures
  A worm (D:2)
  A dart slug (D:1)
  A leopard gecko (D:1)
  4 bats
  3 giant cockroaches
  4 goblins
  2 hobgoblins (D:1)
  A jackal (D:2)
  A frilled lizard (D:1)
  4 kobolds (D:1)
  3 rats (D:2)
25 creatures vanquished.

Notes
Turn   | Place    | Note
-------+----------+-------------------------------------------
     0 | D:1      | KristoblXynda the Draconian Artificer began the quest for the Orb.
     0 | D:1      | Reached XP level 1. HP: 16/16 MP: 3/3
    34 | D:1      | Reached skill level 1 in Stealth
   392 | D:1      | Reached XP level 2. HP: 13/23 MP: 4/4
   991 | D:2      | Found a basalt altar of Yredelemnul.
  1095 | D:2      | Reached XP level 3. HP: 28/28 MP: 5/5
  1203 | D:2      | HP: 1/28 [adder (2)]
  1204 | D:2      | Succumbed to an adder's poison

Vault maps used:
D:1:      kennysheep_arrival_forest, serial_bayou_lake_a
D:2:      yredelemnul_altar_generic, chequers_ecumenical_altar_simple_redux

Skill      XL: |  1 |
---------------+----+-----
Stealth        | 1 |  1.7
Fighting       | |  1.1
Short Blades   | |  1.7
Staves         | |  0.2
Dodging        | |  1.7
Evocations     | |  3.5

Action                   || total
-------------------------++-------
Melee: Short sword       ||    86
       Tailslap          ||     9
       Quarterstaff      ||    17
Evoke: Wand              ||     4
  Use: Potion            ||     2
 Stab: Sleeping          ||     2
  Eat: Chunk             ||     1
Armor: Skin              ||    43
Dodge: Dodged            ||    80
